 Dungeon Crawl Stone Soup version 0.32-a0-814-g0968bab981 (webtiles) character file.

Game seed: 13053032448193141174

1409 warriortoast the Changeling (level 8, -1/55 HPs)
             Began as an Octopode Shapeshifter on Mar 22, 2024.
             Was an Initiate of Wu Jian.
             Slain by a sky beast (3 damage)
             ... on level 6 of the Dungeon.
             The game lasted 00:07:24 (5829 turns).

warriortoast the Changeling (Octopode Shapeshifter) Turns: 5829, Time: 00:07:24

Health: -1/55      AC:  1    Str: 15    XL:     8   Next: 70%
Magic:  8/8        EV: 12    Int: 12    God:    Wu Jian [......]
Gold:   282        SH:  0    Dex: 12    Spells: 7/7 levels left

rFire   . .          .
                       - Unarmed
rCold   + . .        (no shield)
rNeg    . . .        (helmet currently unavailable)
rPois   .            j - amulet of the acrobat
rElec   .            r - ring of protection from cold
rCorr   .            (no ring)
SInv    .            (no ring)
Will    .....        (no ring)
Stlth   ++++         (no ring)
HPRegen 0.29/turn    (no ring)
MPRegen 0.11/turn    (no ring)
                     (no ring)

%: acrobat
@: beast-form
A: beast (slay +4), almost no armour, amphibious, 8 rings, camouflage 1,
gelatinous body 1, (nimble swimmer 1), tentacles
a: Begin Untransformation, Renounce Religion


You were on level 6 of the Dungeon.
You worshipped Wu Jian.
Wu Jian was noncommittal.
You were a hulking beast.
You visited 2 branches of the dungeon, and saw 7 of its levels.

You collected 282 gold pieces.

Inventory:

Missiles
 o - a throwing net (quivered)
Jewellery
 j - an amulet of the acrobat (around mantle)
 r - a ring of protection from cold (left tentacle)
Talismans
 b - a beast talisman (active)
 c - a flux talisman
Wands
 s - a wand of iceblast (7)
Scrolls
 e - 2 scrolls of fog
 f - a scroll of teleportation
 k - a scroll of enchant weapon
 l - a scroll of identify
 q - a scroll of fear
 t - a scroll of amnesia
Potions
 a - 3 potions of lignification
 d - 5 potions of might
 g - 2 potions of attraction {unknown}
 h - 2 potions of curing {unknown}
 i - a potion of heal wounds {unknown}
 m - a potion of brilliance {unknown}
 n - a potion of haste {unknown}
 p - a potion of mutation {unknown}


   Skills:
 - Level 5.0 Fighting
 - Level 2.0 Dodging
 - Level 5.0 Stealth
 - Level 5.0 Unarmed Combat
 + Level 7.4 Shapeshifting


You had 7 spell levels left.
You didn't know any spells.
Your spell library contained the following spells:

 Spells                   Type           Power      Damage    Failure   Level
 Freeze                   Ice            0%         1d3       32%         1
 Scorch                   Fire           0%         2d5       45%         2
 Dazzling Flash           Conj/Hex       0%         N/A       69%         3
 Frozen Ramparts          Ice            0%         1d1       69%         3
 Mephitic Cloud           Conj/Alch/Air  0%         N/A       69%         3
 Ozocubu's Armour         Ice            0%         N/A       69%         3
 Flame Wave               Conj/Fire      0%         2d4       97%         4
 Curse of Agony           Necr           0%         N/A       100%        5
 Metabolic Englaciation   Hex/Ice        0%         N/A       100%        5
 Silence                  Hex/Air        0%         N/A       100%        5
 Summon Cactus Giant      Summ           0%         N/A       100%        6


Dungeon Overview and Level Annotations

Branches:
Dungeon (6/15)             Temple (1/1) D:6

Altars:
Ashenzari
Cheibriados
Elyvilon
Gozag
Hepliaklqana
Makhleb
Nemelex Xobeh
Okawaru
Qazlal
Ru
Sif Muna
Trog
Uskayaw
Vehumet
Wu Jian
Xom
Zin
The Shining One


Innate Abilities, Weirdness & Mutations

You are a hulking beast.
Your limbs bulge with bestial killing power. (Slay +4)
You cannot wear most types of armour.
You are amphibious.
You can wear up to eight rings at the same time.
Your skin changes colour to match your surroundings (Stealth+).
Your rubbery body absorbs attacks. (AC +1, EV +1)
((You are camouflaged when in or above water. (Stealth+)))
You have tentacles for arms and can constrict up to eight enemies at once.


Message History

You squeeze the sky beast.
The sky beast is moderately wounded.
You tentacle-slap the sky beast but do no damage.
The sky beast is moderately wounded.
The sleepcap releases spores at you!
The sky beast flickers out of sight!
Deactivating autopickup; reactivate with Ctrl-A.
Something hits you. Something shocks you.
You tentacle-slap the sleepcap but do no damage.
You grab the sleepcap.
You squeeze the sleepcap, but do no damage.
You constrict the sleepcap. The sleepcap releases spores at you!
Something hits you. Something shocks you.
You are too injured to fight recklessly!
You are too injured to fight recklessly!
You tentacle-slap the sleepcap.
The sleepcap is moderately damaged.
You constrict the sleepcap. The sleepcap closely misses you.
Reactivating autopickup.
A sky beast appears from thin air!
The sky beast closely misses you.
You tentacle-slap the sleepcap. You squeeze the sleepcap!
The sleepcap is almost destroyed.
You constrict the sleepcap. The sleepcap barely misses you.
The sky beast barely misses you.
You tentacle-slap the sleepcap.
You destroy the sleepcap!
The Council accepts your kill. The sky beast closely misses you.
You closely miss the sky beast.
The sky beast is moderately wounded.
The sky beast flickers out of sight!
Deactivating autopickup; reactivate with Ctrl-A.
Something hits you. Something shocks you.
* * * LOW HITPOINT WARNING * * *
You barely miss something. You squeeze something! Something hits you.
* * * LOW HITPOINT WARNING * * *
Something shocks you.
* * * LOW HITPOINT WARNING * * *
You tentacle-slap something.
Your tentacle-slap misses something.
Your squeeze misses something. Something hits you.
You die...

#.#.>.#.#........................
..........#................
.#.#.#....#.............
.#.#.#.##...............
...........#............
..#.##.#.#.#............
#.#....#.#...........!..
.............##.........
....############h....... ....
#{....... ... ##....... ..
....... ....... ....... .......
.......


There were no monsters in sight!

Vanquished Creatures
  The ghost of DeathSocks the Slasher, an amateur TeBe of Trog (D:3)
  Sigmund (D:3)
  A water moccasin (D:6)
  A black bear (D:6)
  An ogre (D:6)
  2 phantoms
  2 scorpions
  A howler monkey (D:5)
  A bombardier beetle (D:5)
  A hound (D:5)
  Crazy Yiuf (D:2)
  2 orc priests
  2 sleepcaps
  3 iguanas
  An orc wizard (D:4)
  4 gnolls (D:2)
  3 adders
  5 dart slugs
  A ribbon worm (D:4)
  12 orcs
  10 endoplasms
  5 giant cockroaches
  8 goblins
  12 hobgoblins
  3 jackals (D:2)
  6 quokkas
  6 ball pythons
  6 bats
  3 frilled lizards
  10 kobolds
  4 rats
119 creatures vanquished.

Notes
Turn   | Place    | Note
-------+----------+-------------------------------------------
     0 | D:1      | warriortoast the Octopode Shapeshifter began the quest for
                  | the Orb.
     0 | D:1      | Reached XP level 1. HP: 13/13 MP: 1/1
    47 | D:1      | Reached skill level 1 in Stealth
    47 | D:1      | Reached XP level 2. HP: 16/18 MP: 2/2
   184 | D:1      | Reached XP level 3. HP: 16/23 MP: 3/3
   729 | D:2      | Reached XP level 4. HP: 19/29 MP: 4/4
   853 | D:2      | Found a faded altar of an unknown god.
   869 | D:2      | Got Plato's Spellbook of the Crevasse
  1393 | D:2      | Found a runed translucent door.
  1394 | D:2      | Noticed Crazy Yiuf
  1559 | D:3      | Reached XP level 5. HP: 34/35 MP: 5/5
  1603 | D:3      | Noticed Sigmund
  1727 | D:3      | Killed Sigmund
  1728 | D:3      | Reached skill level 4 in Shapeshifting
  1728 | D:3      | Reached XP level 6. HP: 27/42 MP: 6/6
  1912 | D:3      | Found a bloodstained altar of Trog.
  2003 | D:3      | Noticed DeathSocks's ghost (amateur TeBe)
  2006 | D:3      | Found a runed translucent door.
  2301 | D:2      | Killed Crazy Yiuf
  2417 | D:3      | Killed DeathSocks's ghost
  2418 | D:3      | Reached skill level 5 in Stealth
  2418 | D:3      | Reached XP level 7. HP: 47/47 MP: 7/7
  2733 | D:4      | Reached skill level 5 in Unarmed Combat
  3003 | D:4      | You fall into a shaft and drop 1 floor!
  3003 | D:5      | Entered Level 5 of the Dungeon
  3060 | D:5      | Reached skill level 5 in Shapeshifting
  3592 | D:5      | Reached XP level 8. HP: 51/54 MP: 8/8
  3952 | D:5      | Reached skill level 5 in Fighting
  4770 | D:6      | Reached skill level 6 in Shapeshifting
  5295 | D:6      | Reached skill level 7 in Shapeshifting
  5752 | D:6      | Found a staircase to the Ecumenical Temple.
  5759 | Temple   | Entered the Ecumenical Temple
  5786 | Temple   | Became a worshipper of the Wu Jian Council
  5828 | D:6      | HP: 2/55 [something (5)]
  5829 | D:6      | Slain by a sky beast

Illustrated notes

Levels and vault maps discovered:
D:1:      shiori_shiawase, layout_loops_ring, amethyst_killhole,
          minmay_distorted
D:2:      layout_basic, shapermc_ecumenical_altar_rom_forum,
          uniq_crazy_yiuf_cottage
D:3:      layout_rooms, overflow_temple_1_default,
          hellmonk_ghost_happy_afterlife, uniq_sigmund
D:4:      wad_crossroads, layout_basic
D:5:      layout_cave_pools
D:6:      layout_layer_cave, minmay_temple_entry_ruins
Temple:   nicolae_temple_bog_church

Skill      XL: |  1  2  3  4  5  6  7  8 |
---------------+-------------------------+-----
Stealth        | 1 2 3 4 5 |  5.0
Fighting       | 2 3 4 5 |  5.0
Unarmed Combat | 4 5 |  5.0
Shapeshifting  | 4 5 7 |  7.4
Dodging        | |  2.0

Action                     |  1- 3 |  4- 6 |  7- 9 || total
---------------------------+-------+-------+-------++-------
  Melee: Unarmed           |    56 |    68 |    98 ||   222
         Tentacles         |    18 |    13 |    35 ||    66
         Constrict         |    13 |    18 |    29 ||    60
         Punch             |     1 |     2 |     5 ||     8
    Use: Potion            |       |     1 |       ||     1
         Scroll            |       |       |     7 ||     7
   Stab: Sleeping          |    10 |     6 |    11 ||    27
         Distracted        |       |       |     1 ||     1
 Armour: Skin              |    21 |    22 |    40 ||    83
  Dodge: Dodged            |    26 |    26 |    44 ||    96

Table legend: (Time is in decaauts)
 A = Elapsed time spent in this place.
 B = Non-inter-level travel time spent in this place.
 C = Inter-level travel time spent in this place.
 D = Time resting spent in this place.
 E = Time spent auto-exploring this place.
 F = Levels seen in this place.
 G = Mean time per level.
                   A        B        C        D        E       F      G
               +--------+--------+--------+--------+--------+-----+--------+
         Total |   5816 |   5435 |    381 |   1606 |   2968 |   7 |  830.9 |
       Dungeon |   5776 |   5406 |    370 |   1606 |   2968 |   6 |  962.7 |
        Temple |     39 |     28 |     11 |      0 |      0 |   1 |   39.0 |
               +--------+--------+--------+--------+--------+-----+--------+

Top non-repeatable levels by time:
     D:5: 1256 daAuts
     D:6: 1020 daAuts
     D:3: 997 daAuts
     D:2: 933 daAuts
     D:4: 897 daAuts
     D:1: 671 daAuts
  Temple: 39 daAuts
